 Dungeon Crawl Stone Soup version 0.29-a0-998-g1987434951 (webtiles) character file.

Game seed: 15780863027397954872

784 gelatine the Chopper (level 7, -4/53 HPs)
             Began as a Demonspawn Gladiator on Aug 5, 2022.
             Slain by a gargoyle
             ... wielding a +0 morningstar
              (14 damage)
             ... on level 5 of the Dungeon.
             The game lasted 00:12:35 (3922 turns).

gelatine the Chopper (Demonspawn Gladiator)         Turns: 3922, Time: 00:12:36

Health: -4/53      AC: 12    Str: 22    XL:     7   Next: 55%
Magic:  7/7        EV: 15    Int: 10    God:
Gold:   222        SH:  0    Dex: 14    Spells: 6/6 levels left

rFire   + . .      SeeInvis .   a - +0 war axe
rCold   . . .      Faith    .   (no shield)
rNeg    . . .      Spirit   .   f - +0 scale mail
rPois   +          Reflect  .   c - +0 helmet
rElec   .          Harm     .   b - +1 cloak of Starlight {*Dazzle EV+4 Stlth--}
rCorr   +          Rampage  .   u - +0 pair of gloves "Beraydd" {rPois rCorr}
Will    .....                   (no boots)
Stlth   ..........              (no amulet)
HPRegen 0.17/turn               m - +6 ring of strength
MPRegen 0.10/turn               D - ring of protection from fire

@: no status effects
A: rugged brown scales 1, powered by pain 1
a: no special abilities


You were on level 5 of the Dungeon.
You visited 1 branch of the dungeon, and saw 5 of its levels.
You also visited: Ossuary.

You collected 222 gold pieces.

Inventory:

Hand Weapons
 a - a +0 war axe (weapon)
Missiles
 d - 3 throwing nets (quivered)
 e - a javelin
 i - 5 poisoned darts
 s - 2 atropa-tipped darts
Armour
 b - the +1 cloak of Starlight (worn) {*Dazzle EV+4 Stlth--}
   (You found it on level 2 of the Dungeon)

   It may blind those who miss an attack against the wearer in melee combat.
   EV:        It affects your evasion (+4).
   Stlth:     It makes you much less stealthy.
 c - a +0 helmet (worn)
 f - a +0 scale mail (worn)
 g - a +0 chain mail
 u - the +0 pair of gloves "Beraydd" (worn) {rPois rCorr}
   (You found it on level 3 of the Dungeon)

   rPois:     It protects you from poison.
   rCorr:     It protects you from acid and corrosion.
Jewellery
 m - a +6 ring of strength (left hand)
 D - a ring of protection from fire (right hand)
Wands
 l - a wand of flame (4)
Scrolls
 h - a scroll of poison {unknown}
 j - 2 scrolls of fear {unknown}
 k - a scroll of amnesia {unknown}
 n - a scroll of noise {unknown}
 p - 2 scrolls of teleportation {unknown}
 q - 4 scrolls of blinking {unknown}
 r - a scroll of acquirement {unknown}
 v - a scroll of vulnerability {unknown}
 x - a scroll of enchant armour {unknown}
 y - 4 scrolls of enchant weapon {unknown}
Potions
 o - 3 potions of resistance
 t - 3 potions of invisibility
 w - 2 potions of mutation {unknown}
 z - a potion of heal wounds
 A - 2 potions of might {unknown}
 B - a potion of lignification {unknown}
 C - a potion of ambrosia {unknown}


   Skills:
 + Level 3.4 Fighting
 + Level 6.6 Axes
 + Level 1.9 Throwing
 + Level 2.6 Armour
 + Level 3.3 Dodging
 + Level 1.5 Stealth


You had 6 spell levels left.
You didn't know any spells.
Your spell library contained the following spells:

 Spells                   Type           Power      Damage    Failure   Level
 Apportation              Tloc           0%         N/A       69%         1
 Ensorcelled Hibernation  Hex/Ice        0%         N/A       83%         2
 Passwall                 Tmut/Erth      0%         N/A       83%         2
 Swiftness                Air            0%         N/A       96%         3
 Alistair's Intoxication  Tmut/Pois      0%         N/A       100%        5


Dungeon Overview and Level Annotations

Branches:
Dungeon (5/15)             Temple (0/1) D:4         Ossuary (visited)

Altars:

Shops:
D:4 !


Innate Abilities, Weirdness & Mutations

You are partially covered in rugged brown scales. (AC +1, +3% HP)
You sometimes gain a little power by taking damage.


Message History

The orc wizard is severely wounded.
You hit the jelly.
Your hands burn!
The jelly hits you but does no damage. The orc wizard closely misses you.
You slash the orc wizard!
You kill the orc wizard!
You hit the jelly.
Your hands burn!
The jelly barely misses you.
You hit the jelly.
Your hands burn!
The jelly is heavily wounded.
The jelly hits you but does no damage.
You hit the jelly but do no damage.
Your hands burn!
The jelly is heavily wounded.
The jelly hits you but does no damage.
You hit the jelly.
Your hands burn!
The jelly is heavily wounded.
The jelly hits you but does no damage.
You slash the jelly!
You kill the jelly!
Things that are here:
a +0 dagger; a +0 leather armour You see here a +0 shortbow.
Things that are here:
a +0 dagger; a +0 leather armour
Things that are here:
a +0 dagger; a +0 robe; an orc corpse
q - 4 scrolls labelled ROAWON OSIOZ (gained 1)
Found a scroll labelled XOSUDGH LALLAMO ELI.
You now have 222 gold pieces (gained 8).
There is a stone staircase leading up here.
A gargoyle comes into view. It is wielding a +0 morningstar.
The gargoyle hurls a stone arrow at you.
The stone arrow hits you!
The gargoyle hits you with a +0 morningstar!
You hit the gargoyle.
The gargoyle is lightly damaged.
The gargoyle hits you with a +0 morningstar!
* * * LOW HITPOINT WARNING * * *
You hit the gargoyle but do no damage.
The gargoyle is lightly damaged.
The gargoyle hits you with a +0 morningstar!
You die...

.............
.............. #.#
#.........[.. ..##. .
#............##.....
..##.......##.#......
..........###.#.....
..............#...#
..............##9$#
#....#......<...@.#
#...###......####.......
#.###.......### .......
#.#...........##......##
#........)))..........#
#....................##
##....................
?...#......###...###..#
...##....... #...#


You could see a gargoyle.

Vanquished Creatures
  A centaur (D:5)
  The ghost of Sweeb the Slasher, an amateur TeMo (D:3)
  A phantom (D:4)
  A necrophage (D:4)
  3 water moccasin zombies (Ossuary)
  A hound (D:4)
  2 jellies
  An orc wizard (D:5)
  2 mummies (Ossuary)
  Robin (D:4)
  4 adders
  A shadow imp (D:4)
  3 adder zombies (Ossuary)
  4 dart slugs
  2 orcs
  9 ball pythons
  A bat (D:1)
  9 endoplasms
  5 giant cockroaches
  10 goblins
  14 hobgoblins
  3 jackals (D:1)
  8 quokkas
  7 frilled lizards
  5 gnoll zombies (Ossuary)
  3 hobgoblin zombies (Ossuary)
  6 kobolds
  8 kobold zombies (Ossuary)
  4 orc zombies (Ossuary)
  2 quokka zombies (D:4)
  A rat (D:1)
123 creatures vanquished.

Notes
Turn   | Place    | Note
-------+----------+-------------------------------------------
     0 | D:1      | gelatine the Demonspawn Gladiator began the quest for the
                  | Orb.
     0 | D:1      | Reached XP level 1. HP: 16/16 MP: 1/1
   292 | D:1      | Gained mutation: You are partially covered in rugged brown
                  | scales. (AC +1, +3% HP) [demonic ancestry]
   292 | D:1      | Reached XP level 2. HP: 16/22 MP: 2/2
   413 | D:1      | Reached skill level 3 in Axes
   816 | D:1      | Found a faded altar of an unknown god.
   944 | D:1      | Gained mutation: You sometimes gain a little power by
                  | taking damage. [demonic ancestry]
   944 | D:1      | Reached XP level 3. HP: 28/28 MP: 3/3
  1395 | D:2      | Found the +1 cloak of Starlight {*Dazzle EV+4 Stlth--}
  1491 | D:2      | Reached skill level 1 in Armour
  2186 | D:3      | Reached XP level 4. HP: 35/35 MP: 4/4
  2260 | D:3      | Found a runed translucent door.
  2260 | D:3      | Noticed Sweeb's ghost (amateur TeMo)
  2490 | D:3      | Identified the +0 pair of gloves "Beraydd" {rPois rCorr}
  2572 | D:3      | Killed Sweeb's ghost
  2573 | D:3      | Reached skill level 4 in Axes
  2573 | D:3      | Reached XP level 5. HP: 39/40 MP: 5/5
  2711 | D:4      | Noticed a phantom
  2726 | D:4      | Killed a phantom
  2770 | D:4      | Noticed Robin
  2774 | D:4      | Reached XP level 6. HP: 24/47 MP: 6/6
  2799 | D:4      | Killed Robin
  2800 | D:4      | Reached skill level 5 in Axes
  2828 | D:4      | Found Vaemneco's Distillery.
  2984 | D:4      | Found a staircase to the Ecumenical Temple.
  3065 | D:4      | Found a sand-covered staircase.
  3073 | Ossuary  | Entered an ossuary
  3241 | Ossuary  | Reached XP level 7. HP: 36/53 MP: 7/7
  3386 | D:4      | Reached skill level 6 in Axes
  3877 | D:5      | Entered Level 5 of the Dungeon
  3891 | D:5      | Reached skill level 1 in Stealth
  3918 | D:5      | Noticed a gargoyle
  3922 | D:5      | Slain by a gargoyle

Illustrated notes

Levels and vault maps discovered:
D:1:      dpeg_cavernosity, layout_basic, ebering_ecumenical_altar_mist
D:2:      layout_basic
D:3:      layout_rooms, hellmonk_ghost_happy_afterlife, minmay_misc_feat_columns
D:4:      layout_basic, minmay_temple_entry_glass, enter_ossuary_4,
          serial_shops, nicolae_shop_advertising_works
          [nicolae_subvault_shop_adworks], uniq_robin
D:5:      layout_cave_pools, serial_shops, shop_statue, minmay_bent, uniq_ijyb,
          uniq_crazy_yiuf_cottage, uniq_prince_ribbit1

Skill      XL: |  1  2  3  4  5  6  7 |
---------------+----------------------+-----
Axes           | 3 4 5 6 |  6.6
Dodging        | 3 |  3.3
Armour         | 1 2 |  2.6
Fighting       | 3 |  3.4
Stealth        | 1 |  1.5
Throwing       | |  1.9

Action                   |  1- 3 |  4- 6 |  7- 9 || total
-------------------------+-------+-------+-------++-------
Melee: War axe           |   125 |   179 |    49 ||   353
       Punch             |     1 |     1 |       ||     2
Evoke: Wand              |       |     1 |       ||     1
  Use: Potion            |     1 |     3 |       ||     4
       Scroll            |       |     2 |       ||     2
 Stab: Invisible         |     1 |     2 |     3 ||     6
Armor: Leather armour    |    11 |       |       ||    11
       Scale mail        |    55 |    62 |    28 ||   145
Dodge: Dodged            |    80 |   139 |    61 ||   280

Table legend: (Time is in decaauts)
 A = Elapsed time spent in this place.
 B = Non-inter-level travel time spent in this place.
 C = Inter-level travel time spent in this place.
 D = Time resting spent in this place.
 E = Time spent auto-exploring this place.
 F = Levels seen in this place.
 G = Mean time per level.
                   A        B        C        D        E       F      G
               +--------+--------+--------+--------+--------+-----+--------+
         Total |   4017 |   3887 |    130 |      0 |   2613 |   6 |  669.5 |
       Dungeon |   3790 |   3660 |    130 |      0 |   2613 |   5 |  758.0 |
       Ossuary |    227 |    227 |      0 |      0 |      0 |   1 |  227.0 |
               +--------+--------+--------+--------+--------+-----+--------+

Top non-repeatable levels by time:
     D:1: 1426 daAuts
     D:4: 1091 daAuts
     D:2: 725 daAuts
     D:3: 499 daAuts
 Ossuary: 227 daAuts
     D:5: 47 daAuts
